AoeStats
← the shy

Lombardia

507997093Analyzed
4v4 RM · 12d ago on Sep 20, 2026· 45m 22s· 8 players
Game mode
Random Map
Map size
Large (8 player)
Population
200
Speed
Normal
Resources
Standard
Victory
Conquest
Starting age
Dark Age
Ending age
Imperial Age
RankedLock teamsTeams togetherTeam positionsShared explorationLock speedFull tech treeHidden civsTurbo modeCheats
Victory
Defeat
🇦🇷 Georgians · Argentina
1437
+11
🇦🇷 Mongols · Argentina
1345
+14
🇹🇷 Maya · Türkiye
1336
+15
🇩🇪 Italians · Germany
1289
+17
🇨🇳 Huns · China
1405
-18
🇫🇷 Goths · France
1302
-14
🇳🇱 Lithuanians · Netherlands
1292
-13
1251
-12
求求了让老头吃你一分
10:58 Feudal Age
12:23 Double-Bit Axe
13:36 Horse Collar
15:19 Double-Bit Axe
17:36 Castle Age
16:10 Gold Mining
19:02 Loom
19:17 Stone Mining
19:31 Heavy Plow
20:09 Husbandry
21:04 Bow Saw
25:29 Wheelbarrow
27:40 Fletching
27:51 Padded Archer Armor
31:33 Imperial Age
29:19 Hand Cart
29:35 Ballistics
29:31 Leather Archer Armor
29:11 Bodkin Arrow
29:25 Scale Barding Armor
29:30 Forging
29:23 Husbandry
30:50 Thumb Ring
31:46 Gold Shaft Mining
30:56 Elite Skirmisher
31:41 Treadmill Crane
33:52 Two-Man Saw
32:23 Heavy Camel Rider
33:36 Chain Barding Armor
33:51 Iron Casting
33:17 Bracer
33:48 Ring Archer Armor
33:23 Caravan
36:18 Chemistry
35:15 Murder Holes
36:33 Light Cavalry
38:51 Stone Shaft Mining
43:18 Plate Barding Armor
Burt
11:38 Feudal Age
9:54 Loom
16:21 Castle Age
14:50 Double-Bit Axe
14:47 Horse Collar
16:32 Fletching
23:18 Wheelbarrow
24:43 Scale Barding Armor
26:38 Bow Saw
27:31 Heavy Plow
27:50 Hand Cart
30:15 Chain Barding Armor
30:07 Forging
30:56 Bodkin Arrow
32:11 Fortified Wall
35:28 Imperial Age
32:46 Town Watch
33:58 Gold Mining
33:58 Stone Mining
35:08 Hill Forts
35:26 Bloodlines
35:17 Husbandry
35:41 Cavalier
36:25 Scale Mail Armor
37:02 Plate Barding Armor
37:03 Iron Casting
37:33 Paladin
38:38 Conscription
41:38 Chemistry
42:31 Crop Rotation
43:54 Caravan
ya3
10:27 Loom
12:36 Feudal Age
14:06 Double-Bit Axe
17:32 Castle Age
17:15 Horse Collar
21:08 Bow Saw
28:24 Heavy Plow
30:32 Squires
33:28 Imperial Age
32:14 Scale Mail Armor
32:25 Forging
32:25 Anarchy
34:16 Caravan
34:42 Conscription
35:47 Crop Rotation
36:24 Two-Man Saw
34:49 Elite Huskarl
35:46 Chain Mail Armor
36:16 Iron Casting
36:54 Pikeman
36:58 Man-at-Arms
38:42 Blast Furnace
the shy
6:22 Loom
8:56 Feudal Age
9:34 Double-Bit Axe
9:58 Horse Collar
11:05 Horse Collar
19:46 Castle Age
19:34 Forging
20:59 Bow Saw
24:27 Wheelbarrow
31:36 Imperial Age
29:52 Scale Barding Armor
29:49 Husbandry
30:00 Bloodlines
29:53 Heavy Plow
30:28 Hand Cart
30:26 Gold Mining
30:32 Stone Mining
31:42 Gold Shaft Mining
32:01 Chain Barding Armor
32:16 Iron Casting
31:41 Cavalier
33:53 Plate Barding Armor
33:11 Paladin
33:55 Caravan
35:30 Paladin
37:33 Blast Furnace
36:57 Ballistics
37:38 Chemistry
36:44 Squires
37:37 Fletching
38:54 Two-Man Saw
39:01 Conscription
38:41 Marauders
38:02 Elite Tarkan
39:50 Bodkin Arrow
41:27 Light Cavalry
42:24 Bracer
Sahiro
11:03 Feudal Age
9:31 Loom
11:44 Double-Bit Axe
14:37 Castle Age
15:56 Fletching
16:30 Horse Collar
17:05 Bow Saw
17:32 Heavy Plow
23:11 Wheelbarrow
24:22 Hand Cart
28:30 Ballistics
30:42 Imperial Age
28:27 Masonry
28:39 Bodkin Arrow
29:00 Gold Mining
29:20 Stone Mining
30:28 Thumb Ring
30:10 Town Watch
31:29 Bracer
31:30 Padded Archer Armor
32:33 Chemistry
31:58 Conscription
31:06 Elite Genoese Crossbowman
33:43 Leather Archer Armor
34:58 Two-Man Saw
34:31 Crop Rotation
35:30 Ring Archer Armor
35:07 Scale Barding Armor
35:12 Forging
36:35 Light Cavalry
37:26 Bloodlines
37:17 Husbandry
37:31 Bloodlines
37:22 Husbandry
39:06 Chain Barding Armor
39:21 Iron Casting
38:34 Hussar
41:44 Pirotechnia
[TAIDA]= =
12:01 Feudal Age
12:56 Double-Bit Axe
16:03 Castle Age
14:54 Double-Bit Axe
15:47 Horse Collar
23:59 Bow Saw
23:44 Loom
24:49 Wheelbarrow
24:13 Town Watch
26:51 Gold Mining
27:07 Stone Mining
28:55 Stone Shaft Mining
29:28 Hand Cart
34:18 Imperial Age
31:55 Scale Barding Armor
32:00 Forging
32:15 Fletching
32:31 Svan Towers
33:54 Ballistics
34:58 Chain Barding Armor
35:14 Iron Casting
34:34 Bodkin Arrow
35:11 Aznauri Cavalry
35:26 Conscription
36:08 Chemistry
35:01 Guard Tower
34:56 Arrowslits
34:52 Treadmill Crane
35:23 Masonry
36:28 Plate Barding Armor
35:36 Elite Monaspa
36:47 Murder Holes
38:12 Blast Furnace
37:48 Bracer
38:48 Keep
40:28 Bloodlines
41:19 Fortified Wall
41:40 Architecture
41:16 Siege Engineers
forever19f
0:32 Loom
9:57 Feudal Age
15:32 Double-Bit Axe
16:27 Horse Collar
19:40 Castle Age
20:03 Gold Mining
20:07 Stone Mining
20:41 Bow Saw
20:32 Heavy Plow
22:52 Wheelbarrow
23:01 Town Watch
25:24 Fletching
31:53 Imperial Age
29:58 Padded Archer Armor
31:01 Bodkin Arrow
31:21 Leather Archer Armor
31:29 Ballistics
30:50 Treadmill Crane
32:20 Hand Cart
33:42 Chemistry
33:04 Conscription
33:59 Two-Man Saw
33:57 Bracer
34:04 Thumb Ring
34:27 Elite Plumed Archer
36:22 Caravan
36:00 Pikeman
36:35 Halberdier
37:16 Squires
37:17 Scale Mail Armor
37:28 Forging
37:49 Ring Archer Armor
40:30 Fortified Wall
40:32 Masonry
42:12 Chain Mail Armor
forever666f
4:12 Loom
11:37 Feudal Age
13:35 Double-Bit Axe
15:51 Castle Age
15:07 Horse Collar
17:21 Bow Saw
24:13 Wheelbarrow
24:17 Gold Mining
25:11 Heavy Plow
30:47 Imperial Age
28:10 Fletching
28:47 Padded Archer Armor
30:52 Ballistics
30:28 Bodkin Arrow
31:27 Bloodlines
30:51 Onager
32:41 Chemistry
31:46 Bracer
32:28 Drill
32:18 Caravan
32:27 Elite Mangudai
33:20 Husbandry
33:42 Fortified Wall
34:14 Conscription
35:28 Bracer
35:46 Leather Archer Armor
37:23 Gold Shaft Mining
36:39 Stone Mining
36:57 Scale Barding Armor
36:52 Scale Mail Armor
37:02 Forging
36:13 Light Cavalry
38:28 Siege Onager
41:32 Parthian Tactics
41:13 Thumb Ring
42:13 Town Watch
42:43 Hand Cart
43:01 Coinage
Connection lost

Rejoining the realm…

Still unreachable

The connection could not be restored.

Session expired

The server has moved on; the page needs a fresh start.